 Dungeon Crawl Stone Soup version 0.29-a0-72-g1732ff48e7 (webtiles) character file.

Game seed: 6482619979008105257

1982 lmSkywalker the Ducker (level 9, -2/66 HPs)
             Began as a Djinni Fire Elementalist on Feb 3, 2022.
             Was an Initiate of Ashenzari.
             Slain by a gnoll (3 damage)
             ... on level 7 of the Dungeon.
             The game lasted 00:12:26 (5449 turns).

lmSkywalker the Ducker (Djinni Fire Elementalist)   Turns: 5449, Time: 00:12:26

Health: -2/66      AC:  4    Str:  7    XL:     9   Next: 44%
Gold:   189        EV: 14    Int: 21    God:    Ashenzari [......] SH:  0 Dex: 14

rFire   + + +      SeeInvis .   B - +2 scimitar (holy)
rCold   x x .      Faith    .   (no shield)
rNeg    . . .      Spirit   .   j - +0 leather armour
rPois   ∞          Reflect  .   m - +1 hat
rElec   .          Harm     .   (no cloak)
rCorr   .          Rampage  .   (no gloves)
Will    .....                   (boots unavailable)
Stlth   ++........              (no amulet)
HPRegen 0.21/turn               t - ring of fire
MPRegen 0.00/turn               (no ring)

@: flying
A: sickness immunity, fire resistance 2, cold vulnerability 1, float, innate
caster, HP casting, extra vitality 1
a: Renounce Religion


You were on level 7 of the Dungeon.
You worshipped Ashenzari.
Ashenzari was noncommittal.
You visited 2 branches of the dungeon, and saw 7 of its levels.

You collected 189 gold pieces.

Inventory:

Hand Weapons
 B - a +2 scimitar of holy wrath (weapon)
Missiles
 A - 4 throwing nets
Armour
 a - a +0 robe
 j - a +0 leather armour (worn)
 m - a +1 hat (worn)
 q - a +0 buckler
Jewellery
 t - a ring of fire (left hand)
Wands
 v - a wand of acid (2)
Scrolls
 c - a scroll of enchant armour {unknown}
 f - a scroll of blinking {unknown}
 g - a scroll of enchant weapon {unknown}
 h - 2 scrolls of immolation {unknown}
 k - 3 scrolls of identify {unknown}
 l - a scroll of holy word {unknown}
 w - a scroll of amnesia {unknown}
 x - a scroll of silence {unknown}
 y - a scroll of vulnerability {unknown}
Potions
 b - a potion of brilliance {unknown}
 d - 2 potions of attraction {unknown}
 e - 8 potions of curing {unknown}
 i - a potion of magic {unknown}
 n - a potion of mutation {unknown}
 o - a potion of invisibility {unknown}
 p - a potion of haste {unknown}
 s - 2 potions of might {unknown}
 u - a potion of flight {unknown}
 z - a potion of cancellation {unknown}


   Skills:
 + Level 5.7 Fighting
 + Level 6.8 Dodging
 - Level 1.5 Stealth
 - Level 6.7 Spellcasting


You couldn't memorise any spells.
You knew the following spells:

 Your Spells              Type           Power      Damage    Failure   Level
a - Foxfire               Conj/Fire      100%       2x1d9     1%          1
b - Scorch                Fire           100%       2d10      1%          2
c - Conjure Flame         Conj/Fire      52%        6-21      2%          3
d - Inner Flame           Hex/Fire       52%        N/A       2%          3
e - Flame Wave            Conj/Fire      52%        2d11      9%          4
f - Shock                 Conj/Air       100%       1d9       1%          1
g - Static Discharge      Conj/Air       35%        N/A       1%          2
h - Call Canine Familiar  Summ           35%        N/A       2%          3
i - Gell's Gravitas       Tloc           35%        N/A       2%          3
Your spell library was empty.

Dungeon Overview and Level Annotations

Branches:
Dungeon (7/15)             Temple (1/1) D:7

Altars:
Ashenzari
Dithmenos
Elyvilon
Fedhas
Gozag
Hepliaklqana
Kikubaaqudgha
Makhleb
Ru
Sif Muna
Uskayaw
Vehumet
Xom

Annotations:
D:2 Sigmund


Innate Abilities, Weirdness & Mutations

You are immune to sickness and miasma.
You are immune to poison.
Your flesh is very heat resistant. (rF++)
You are vulnerable to cold. (rC-)
You float through the air rather than walking.
You learn spells naturally, not from books.
Your magical power is your life essence.
You have superior vitality. (+4 MHP)


Message History

The gnoll sergeant is almost dead.
The gnoll sergeant hits you from afar with a +0 trident!
The iguana barely misses you.
Casting: Foxfire (safe; 1% risk of failure)
Confirm with . or Enter, or press ? or * to list all spells.
You feel a surge of power!
You conjure some foxfire!
The foxfire hits the iguana but does no damage. x2
The gnoll sergeant closely misses you. The gnoll hits you with a +0 club!
The iguana bites you!
Casting: Foxfire (safe; 1% risk of failure)
Confirm with . or Enter, or press ? or * to list all spells.
You feel a surge of power!
You conjure some foxfire!
The foxfire hits the gnoll sergeant but does no damage.
The gnoll sergeant is almost dead.
The foxfire hits the gnoll.
The gnoll is lightly wounded.
The gnoll sergeant barely misses you. The gnoll barely misses you.
The iguana misses you.
Casting: Foxfire (safe; 1% risk of failure)
Confirm with . or Enter, or press ? or * to list all spells.
You feel a surge of power!
You conjure some foxfire!
The foxfire hits the iguana.
The iguana is moderately wounded.
The foxfire hits the iguana.
The iguana is heavily wounded.
The gnoll sergeant barely misses you. The gnoll closely misses you.
The gnoll barely misses you. The iguana bites you!
* * * LOW HITPOINT WARNING * * *
Casting: Foxfire (safe; 1% risk of failure)
Confirm with . or Enter, or press ? or * to list all spells.
You feel a surge of power!
You conjure some foxfire!
* * * LOW HITPOINT WARNING * * *
The foxfire hits the gnoll sergeant but does no damage.
The gnoll sergeant is almost dead.
The foxfire hits the gnoll.
The gnoll is heavily wounded.
The gnoll sergeant hits you from afar with a +0 trident!
* * * LOW HITPOINT WARNING * * *
The gnoll hits you with a +0 flail.
You die...

### #... #### #...#
##..# .....## #...#
....... #..###
..≈....###....#
....))gg##...##
...).gl@.....###
###....vv......##
#....##....#..##
....#.# ######...#
.#.##. ## #.>.#
#....####.# #...# #
........## ###.#
.........# #..#
#...........####.##


You could see a gnoll sergeant, an iguana (ally target) and 2 gnolls.

Vanquished Creatures
  Harold (D:7)
  Edmund (D:4)
  A black bear (D:4)
  An ice beast (D:7)
  A sky beast (D:7)
  A centaur (D:5)
  A kobold brigand (D:5)
  Blork the orc (D:4)
  A wyvern zombie (D:7)
  2 scorpions
  A water moccasin skeleton (D:4)
  A howler monkey (D:4)
  A hound (D:5)
  A centaur skeleton (D:4)
  A centaur zombie (D:5)
  2 orc priests (D:4)
  A jelly (D:4)
  3 iguanas (D:5)
  An orc wizard (D:5)
  10 gnolls
  6 adders
  2 ufetubi
  A worm (D:5)
  3 dart slugs
  9 orcs
  6 ball pythons
  2 endoplasms
  A giant cockroach (D:4)
  4 goblins
  A hobgoblin (D:5)
  3 jackals (D:1)
  9 kobolds
  2 quokkas
  A bat (D:1)
  5 frilled lizards
  4 rats
  A butterfly (D:7)
93 creatures vanquished.

Vanquished Creatures (collateral kills)
  An orc (D:5)
  A hobgoblin (D:5)
  3 kobolds (D:5)
5 creatures vanquished.

Vanquished Creatures (others)
  300 foxfires
300 creatures vanquished.

Grand Total: 398 creatures vanquished

Notes
Turn   | Place    | Note
-------+----------+-------------------------------------------
     0 | D:1      | lmSkywalker the Djinni Fire Elementalist began the quest
                  | for the Orb.
     0 | D:1      | Reached XP level 1. HP: 15/15 MP: 0/0
   326 | D:1      | Reached XP level 2. HP: 17/21 MP: 0/0
  1114 | D:2      | Noticed Sigmund
  1164 | D:2      | Reached XP level 3. HP: 22/25 MP: 0/0
  1164 | D:2      | Learned a level 1 spell: Shock
  1661 | D:3      | Reached XP level 4. HP: 26/31 MP: 0/0
  2347 | D:4      | Reached XP level 5. HP: 24/35 MP: 0/0
  2347 | D:4      | Learned a level 2 spell: Static Discharge
  2731 | D:4      | Reached XP level 6. HP: 36/40 MP: 0/0
  2734 | D:4      | Reached skill level 5 in Spellcasting
  3114 | D:4      | Noticed a black bear
  3119 | D:4      | Killed a black bear
  3120 | D:4      | Reached XP level 7. HP: 36/45 MP: 0/0
  3120 | D:4      | Learned a level 3 spell: Call Canine Familiar
  3222 | D:4      | Noticed Blork the orc
  3227 | D:4      | Killed Blork the orc
  3673 | D:4      | Noticed Edmund
  3678 | D:4      | Killed Edmund
  3994 | D:4      | Reached XP level 8. HP: 44/50 MP: 0/0
  4227 | D:5      | Entered Level 5 of the Dungeon
  4330 | D:5      | Found a shadowy altar of Dithmenos.
  4330 | D:5      | Found an opulent altar of Gozag.
  4417 | D:5      | Reached skill level 1 in Fighting
  5008 | D:5      | You are sucked into a shaft and drop 2 floors!
  5022 | D:7      | Noticed Harold
  5028 | D:7      | Killed Harold
  5029 | D:7      | Reached skill level 5 in Fighting
  5029 | D:7      | Reached XP level 9. HP: 45/65 MP: 0/0
  5029 | D:7      | Learned a level 3 spell: Gell's Gravitas
  5045 | D:7      | Upgraded the game from 0.29-a0-43-g62a80824bf to
                  | 0.29-a0-72-g1732ff48e7
  5202 | D:7      | Found a staircase to the Ecumenical Temple.
  5207 | Temple   | Entered the Ecumenical Temple
  5396 | Temple   | Became a worshipper of Ashenzari the Shackled
  5449 | D:7      | HP: 1/66 [gnoll sergeant (8)]
  5449 | D:7      | Slain by a gnoll

Illustrated notes

Levels and vault maps discovered:
D:1:      kilobyte_arrival_exit_the_forest, layout_basic
D:2:      minmay_chambers_of_twos, layout_basic, shapermc_ecumenical_altar_venn,
          uniq_sigmund
D:3:      layout_basic
D:4:      layout_layer_cave, uniq_blork_the_orc, uniq_edmund
D:5:      cheibrodos_thug_alley, layout_loops_ring,
          mainiacjoe_overflow_large_starburst, ldierk_geyser,
          kennysheep_crisscross
D:7:      layout_cave_pools, mainiacjoe_overflow_alcove_2,
          chequers_temple_overflow_statue_of_worship, okawaru_metal_pillars_1_2,
          minmay_temple_entry_butterflies, minmay_misc_feat_rows, uniq_harold
Temple:   minmay_temple_curvy_branch

Skill      XL: |  1  2  3  4  5  6  7  8 |
---------------+-------------------------+-----
Spellcasting   | 3 4 5 6 |  6.7
Fighting       | 5 |  5.7
Dodging        | 6 |  6.8
Stealth        | |  1.5

Action                   |  1- 3 |  4- 6 |  7- 9 || total
-------------------------+-------+-------+-------++-------
Melee: Quarterstaff      |     3 |       |    14 ||    17
 Cast: Foxfire           |    41 |    61 |    82 ||   184
       Scorch            |     1 |    14 |    25 ||    40
       Call Canine Famil |       |       |    14 ||    14
 Stab: Sleeping          |     1 |       |       ||     1
Armor: Robe              |       |     3 |     6 ||     9
Dodge: Dodged            |     1 |     6 |    23 ||    30

Table legend: (Time is in decaauts)
 A = Elapsed time spent in this place.
 B = Non-inter-level travel time spent in this place.
 C = Inter-level travel time spent in this place.
 D = Time resting spent in this place.
 E = Time spent auto-exploring this place.
 F = Levels seen in this place.
 G = Mean time per level.
                   A        B        C        D        E       F      G
               +--------+--------+--------+--------+--------+-----+--------+
         Total |   5459 |   5203 |    256 |    606 |   3560 |   7 |  779.9 |
       Dungeon |   5259 |   5013 |    246 |    606 |   3376 |   6 |  876.5 |
        Temple |    200 |    190 |     10 |      0 |    184 |   1 |  200.0 |
               +--------+--------+--------+--------+--------+-----+--------+

Top non-repeatable levels by time:
     D:4: 1763 daAuts
     D:1: 1202 daAuts
     D:3: 914 daAuts
     D:5: 783 daAuts
     D:2: 355 daAuts
     D:7: 239 daAuts
  Temple: 200 daAuts
